 Dungeon Crawl Stone Soup version 0.29.1-12-g30fa7ad0bf (webtiles) character file.

Game seed: 14860367182562300905

30 wormed the Trooper (level 3, -10/29 HPs)
             Began as a Demonspawn Fighter on Dec 24, 2022.
             Mangled by a gnoll
             ... wielding a +0 halberd
              (13 damage)
             ... on level 2 of the Dungeon.
             The game lasted 00:02:01 (1392 turns).

wormed the Trooper (Demonspawn Fighter)             Turns: 1392, Time: 00:02:01

Health: -10/29     AC:  9    Str: 18    XL:     3   Next: 3%
Magic:  3/3        EV:  9    Int:  9    God:
Gold:   51         SH:  4    Dex: 12    Spells: 2/2 levels left

rFire   . . .      SeeInvis .   a - +0 flail
rCold   . . .      Faith    .   c - +0 buckler
rNeg    . . .      Spirit   .   b - +0 scale mail
rPois   .          Reflect  .   (no helmet)
rElec   .          Harm     .   (no cloak)
rCorr   .          Rampage  .   j - +0 pair of gloves
Will    .....                   (no boots)
Stlth   ..........              (no amulet)
HPRegen 0.09/turn               (no ring)
MPRegen 0.08/turn               (no ring)

@: no status effects
A: slimy green scales 1, foul stench 1
a: no special abilities


You were on level 2 of the Dungeon.
You visited 1 branch of the dungeon, and saw 2 of its levels.

You collected 51 gold pieces.

Inventory:

Hand Weapons
 a - a +0 flail (weapon)
Armour
 b - a +0 scale mail (worn)
 c - a +0 buckler (worn)
 j - a +0 pair of gloves (worn)
Jewellery
 e - a +6 ring of intelligence
Scrolls
 h - a scroll of magic mapping {unknown}
 i - a scroll of poison {unknown}
Potions
 d - a potion of might
 f - a potion of mutation {unknown}
 g - a potion of curing {unknown}


   Skills:
 + Level 3.2 Fighting
 * Level 2.3 Maces & Flails
 + Level 2.9 Armour
 + Level 0.7 Dodging
 + Level 2.9 Shields


You had 2 spell levels left.
You didn't know any spells.
Your spell library contained the following spells:

 Spells                   Type           Power      Damage    Failure   Level
 Apportation              Tloc           0%         N/A       86%         1
 Necrotise                Necr           0%         1d4       86%         1
 Summon Small Mammal      Summ           0%         N/A       86%         1


Dungeon Overview and Level Annotations

Branches:
Dungeon (2/15)

Altars:


Innate Abilities, Weirdness & Mutations

You are partially covered in slimy green scales. (AC +2)
You may rarely emit foul miasma when damaged in melee.


Message History

HP restored.
Found a stone staircase leading up.
There is a stone staircase leading up here.
You now have 51 gold pieces (gained 5).
Found 4 stones.
There is a stone staircase leading down here.
A kobold comes into view. It is wielding a +0 dagger.
The kobold shouts!
You hear a shout!
A kobold is nearby!
A gnoll comes into view. It is wielding a +0 club.
The gnoll shouts!
You hear a shout!
A gnoll comes into view. It is wielding a +0 whip.
A gnoll comes into view. It is wielding a +0 club.
The gnoll shouts!
The kobold hits you but does no damage.
A gnoll comes into view. It is wielding a +0 halberd.
You thump the gnoll!
The gnoll is severely wounded.
The gnoll hits you but does no damage. The kobold hits you but does no damage.
You completely miss the gnoll.
The gnoll is severely wounded.
The gnoll hits you with a +0 club. The kobold hits you with a +0 dagger.
You emit a cloud of foul miasma!
The gnoll hits you from afar with a +0 halberd.
The kobold is engulfed in dark miasma.
The kobold is poisoned.
The kobold is engulfed in dark miasma.
The kobold looks even sicker.
The kobold is engulfed in dark miasma.
The kobold looks even sicker.
The kobold seems to slow down.
You kill the kobold!
The gnoll attacks as you move away! The gnoll hits you but does no damage.
The gnoll hits you with a +0 club.
The gnoll hits you from afar with a +0 halberd!
The gnoll hits you but does no damage.
The gnoll hits you from afar with a +0 halberd!
* * * LOW HITPOINT WARNING * * *
The gnoll attacks as you move away! The gnoll hits you but does no damage.
There is a stone staircase leading up here.
You block the gnoll's attack.
The gnoll hits you from afar with a +0 halberd!
You die...

#.....# ####.## #># .# #.# #.# .#
##'## #.# .# ##...## #.# ##.#####
##.....## #.# ###.......
#.......######.### #.......#.#
#.........##......#####.#..#....#
+.........'.....@gggg....).......
#.........##.#.....####.#.#.....#
##.......###.##.#..# #.#.# ..#.#
##.....## #.####..# #.#.. ...
##...## #.......# #..... ### ##+#
#######># #####.# #.# #....# .#
#.# #.#### .# ##.## #.#


You could see 4 gnolls.

Vanquished Creatures
  A dart slug (D:1)
  3 endoplasms (D:1)
  A giant cockroach (D:1)
  A goblin (D:2)
  2 hobgoblins
  2 jackals (D:1)
  2 quokkas (D:1)
  3 ball pythons
  2 frilled lizards (D:1)
  4 kobolds
  5 rats (D:1)
26 creatures vanquished.

Notes
Turn   | Place    | Note
-------+----------+-------------------------------------------
     0 | D:1      | wormed the Demonspawn Fighter began the quest for the Orb.
     0 | D:1      | Reached XP level 1. HP: 18/18 MP: 1/1
    24 | D:1      | Found a faded altar of an unknown god.
   133 | D:1      | Gained mutation: You are partially covered in slimy green
                  | scales. (AC +2) [demonic ancestry]
   133 | D:1      | Reached XP level 2. HP: 20/24 MP: 2/2
  1198 | D:2      | Gained mutation: You may rarely emit foul miasma when
                  | damaged in melee. [demonic ancestry]
  1198 | D:2      | Reached XP level 3. HP: 26/29 MP: 3/3
  1392 | D:2      | Mangled by a gnoll

Illustrated notes

Levels and vault maps discovered:
D:1:      grunt_arrival_crossed_arrows, layout_basic,
          ebering_ecumenical_altar_petrified
D:2:      layout_loops_corners

Skill      XL: |  1 |
---------------+----+-----
Maces & Flails | 2 |  2.3
Fighting       | |  3.2
Armour         | |  2.9
Dodging        | |  0.7
Shields        | |  2.9

Action                   || total
-------------------------++-------
Melee: Flail             ||    71
Armor: Scale mail        ||    41
Dodge: Dodged            ||    39
Block: Buckler           ||    12
